 Dungeon Crawl Stone Soup version 0.29.1-13-g9f3cf754e1 (webtiles) character file.

Game seed: 14251359319650987481

127 Wobber the Insei (level 4, -2/37 HPs)
             Began as a Draconian Transmuter on Feb 11, 2023.
             Slain by an orc
             ... wielding a +0 trident
              (7 damage)
             ... on level 4 of the Dungeon.
             The game lasted 00:07:58 (3365 turns).

Wobber the Insei (Draconian Transmuter)             Turns: 3365, Time: 00:07:59

Health: -2/37      AC:  5    Str: 12    XL:     4   Next: 85%
Magic:  7/7        EV: 12    Int: 14    God:
Gold:   118        SH:  0    Dex: 13    Spells: 3/7 levels left

rFire   . . .      SeeInvis .   g - +2 falchion (vamp)
rCold   . . .      Faith    .   (no shield)
rNeg    . . .      Spirit   .   (body armour unavailable)
rPois   .          Reflect  .   (helmet currently unavailable)
rElec   .          Harm     .   (no cloak)
rCorr   .          Rampage  .   (no gloves)
Will    .....                   (boots currently unavailable)
Stlth   +.........              (no amulet)
HPRegen 0.12/turn               (no ring)
MPRegen 0.10/turn               (no ring)

@: appendages (expiring)
A: horns 2, talons 2, AC +5, unfitting armour, cold-blooded
a: End Transformation


You were on level 4 of the Dungeon.
You had temporarily grown beastly horns and talons.
You visited 1 branch of the dungeon, and saw 4 of its levels.

You collected 118 gold pieces.

Inventory:

Hand Weapons
 b - a +0 dagger
 f - a +0 trident of freezing
 g - a +2 vampiric falchion (weapon)
Missiles
 c - 5 boomerangs
Scrolls
 e - a scroll of silence {unknown}
 h - 2 scrolls of teleportation {unknown}
 i - a scroll of torment {unknown}
 j - a scroll of enchant armour {unknown}
Potions
 a - a potion of lignification
 d - a potion of might {unknown}
 k - 2 potions of curing {unknown}
 l - a potion of heal wounds {unknown}


   Skills:
 + Level 2.6 Fighting
 - Level 2.0 Dodging
 + Level 3.4 Unarmed Combat
 + Level 2.4 Spellcasting
 * Level 3.2 Transmutations
 * Level 1.2 Poison Magic


You had 3 spell levels left.
You knew the following spells:

 Your Spells              Type           Power      Damage    Failure   Level
a - Beastly Appendage     Tmut           20%        N/A       6%          1
b - Spider Form           Tmut/Pois      8%         N/A       26%         3

Your spell library contained the following spells:

 Spells                   Type           Power      Damage    Failure   Level
 Wereblood                Tmut           10%        N/A       9%          2
 Ice Form                 Ice/Tmut       6%         N/A       75%         4


Dungeon Overview and Level Annotations

Branches:
Dungeon (4/15)
 Temple: D:4-7

Altars:


Innate Abilities, Weirdness & Mutations

You have temporarily grown beastly horns and talons.
Your plain brown scales are hard. (AC +5)
You cannot fit into any form of body armour.
You are cold-blooded and may be slowed by cold attacks.


Message History

You climb downwards.
You hear the hiss of flowing sand.
There is an entrance to an ossuary on this level.
Hurry and find it before the portal is buried!
The orc shouts!
You hear a shout!
Found a sling.
Found an escape hatch in the ceiling.
Found a stone staircase leading up.
There is a stone staircase leading up here.
You grow a pair of large bovine horns.
Your feet morph into talons.
An orc priest comes into view. It is wielding a +0 morningstar.
An iguana comes into view.
The iguana hisses angrily.
You hit the orc but do no damage. Your kick misses the orc.
A hobgoblin comes into view.
Your transformation is almost over.
The orc priest begins to cast a cantrip, but forgets the words!
The orc barely misses you.
You slash the orc!
You kill the orc!
The orc priest looks braver for a moment.
The orc priest mumbles some strange prayers to Beogh against you.
Pain shoots through your body! The orc hits you with a +0 dagger.
The orc completely misses you.
You slash the orc priest! Your kick misses the orc priest.
You headbutt the orc priest.
The orc priest is severely wounded.
The orc priest hits you but does no damage.
The orc hits you with a +0 dagger.
The orc hits you from afar with a +0 trident.
You hit the orc priest but do no damage.
You claw the orc priest.
The orc priest is severely wounded.
The orc priest calls down the wrath of Beogh upon you.
Beogh smites you!
* * * LOW HITPOINT WARNING * * *
The orc hits you with a +0 dagger.
* * * LOW HITPOINT WARNING * * *
The orc barely misses you.
An iguana comes into view.
The orc hits you from afar with a +0 trident!
You die...

......l .......
....... .......
....... ....).l
.....oo##
......o@##
......g).##
........<.#
...##..........#
.# #.##.......#
..# #........
<... .........
.... .....<...
.. .........


You could see 2 iguanas, an orc priest, 2 orcs and a hobgoblin.

Vanquished Creatures
  Terence (D:2)
  5 adders
  2 dart slugs (D:1)
  3 orcs
  3 endoplasms
  3 giant cockroaches (D:2)
  5 goblins
  5 hobgoblins
  4 jackals (D:2)
  3 quokkas
  3 ball pythons
  A bat (D:3)
  4 frilled lizards
  3 kobolds
  3 rats
48 creatures vanquished.

Notes
Turn   | Place    | Note
-------+----------+-------------------------------------------
     0 | D:1      | Wobber the Draconian Transmuter began the quest for the
                  | Orb.
     0 | D:1      | Reached XP level 1. HP: 16/16 MP: 3/3
   205 | D:1      | Found a faded altar of an unknown god.
   279 | D:1      | Reached XP level 2. HP: 23/23 MP: 1/5
  1277 | D:2      | Noticed Terence
  1541 | D:2      | Killed Terence
  1542 | D:2      | Reached XP level 3. HP: 17/29 MP: 6/6
  1671 | D:2      | Learned a level 3 spell: Spider Form
  1864 | D:2      | Reached XP level 4. HP: 33/37 MP: 7/7
  2498 | D:3      | Reached skill level 1 in Poison Magic
  3365 | D:4      | Slain by an orc

Illustrated notes

Levels and vault maps discovered:
D:1:      heliophobic_arrival_enchanted_forest, layout_basic,
          chequers_ecumenical_altar_island, minmay_misc_feat_pillars
D:2:      layout_basic, uniq_terence
D:3:      layout_basic, serial_curves, eino_curves_02, eino_curves_04
D:4:      layout_layer_cave, nicolae_ossuary_entry_false_entrances,
          minmay_vboxes, uniq_pikel

Skill      XL: |  1  2  3  4 |
---------------+-------------+-----
Dodging        | 2 |  2.0
Fighting       | 2 |  2.6
Transmutations | 3 |  3.2
Poison Magic   | 1 |  1.2
Unarmed Combat | |  3.4
Spellcasting   | |  2.4

Action                   |  1- 3 |  4- 6 || total
-------------------------+-------+-------++-------
Melee: Dagger            |    50 |       ||    50
       Unarmed           |    43 |       ||    43
       Tailslap          |    11 |     1 ||    12
       Kick              |    16 |     6 ||    22
       Headbutt          |    12 |     4 ||    16
       Punch             |     1 |       ||     1
       Falchion          |       |    36 ||    36
 Cast: Beastly Appendage |    23 |    15 ||    38
Armor: Skin              |    30 |    16 ||    46
Dodge: Dodged            |    53 |    20 ||    73
